 Dungeon Crawl Stone Soup version 0.29.1-1-gd02db6906a (webtiles) character file.

Game seed: 17147984242398944822

1713 tardwrangler69 the Cleaver (level 8, 0/68 HPs)
             Began as a Minotaur Chaos Knight on Sept 28, 2022.
             Was a Plaything of Xom.
             Slain by a guardian serpent (2 damage)
             ... on level 7 of the Dungeon.
             The game lasted 00:09:11 (7219 turns).

tardwrangler69 the Cleaver (Minotaur Chaos Knight)  Turns: 7219, Time: 00:09:16

Health: 0/68       AC: 10    Str: 18 (19) XL:     8   Next: 74%
Magic:  7/7        EV:  6    Int: 13      God:    Xom [....*.]
Gold:   112        SH:  4    Dex: 11 (12) Spells: 7/7 levels left

rFire   + . .      SeeInvis .   F - +11 war axe of Peril {vorpal, Int+4 Dex+2}
rCold   + . .      Faith    +   l - orb {*Rage}
rNeg    . . .      Spirit   .   t - +0 plate armour
rPois   +          Reflect  .   (helmet unavailable)
rElec   .          Harm     .   k - scarf {rC+ rF+}
rCorr   +          Rampage  .   (no gloves)
Will    .....      Rage     20% (no boots)
Stlth   ..........              s - amulet of faith
HPRegen 1.01/turn               x - ring of resist corrosion
MPRegen 0.10/turn               I - ring of poison resistance

@: weakened, hasted, unable to read, very quick
A: horns 3, retaliatory headbutt, iridescent scales 1, large bone plates 1,
deformed body, deterioration 2, high MP 1, sense surroundings 1, regeneration 1,
evolution 1, inability to read after injury 1, MP-powered wands
a: Renounce Religion


You were on level 7 of the Dungeon.
You worshipped Xom.
You were a beloved toy of Xom.
You visited 1 branch of the dungeon, and saw 7 of its levels.

You collected 324 gold pieces.
You spent 212 gold pieces at shops.

Inventory:

Hand Weapons
 a - a +0 hand axe of chaos
 A - a +0 hand axe of electrocution
 F - the +11 war axe of Peril (weapon) {vorpal, Int+4 Dex+2}
   (You bought it in a shop on level 6 of the Dungeon)

   It inflicts extra damage upon your enemies.
   Int:       It affects your intelligence (+4).
   Dex:       It affects your dexterity (+2).
Armour
 k - a scarf of resistance (worn)
 l - an orb of wrath (worn)
 t - a +0 plate armour (worn)
 D - a +2 robe of willpower
 E - the +2 robe "Kayqihol" {rPois}
   (You found it on level 6 of the Dungeon)

   rPois:     It protects you from poison.
Jewellery
 g - a ring of protection from fire
 s - an amulet of faith (around neck)
 x - a ring of resist corrosion (left hand)
 G - the ring of Patience {rC+ Str-3 Int+2 Dex+4 SInv}
   (You found it on level 6 of the Dungeon)

   [ring of protection from cold]

   Str:       It affects your strength (-3).
   Int:       It affects your intelligence (+2).
   Dex:       It affects your dexterity (+4).
   rC:        It protects you from cold.
   SInv:      It lets you see invisible.
 I - a ring of poison resistance (right hand)
Wands
 u - a wand of digging (12)
 v - a wand of light (25)
 C - a wand of polymorph (12)
 L - a wand of roots (8)
Scrolls
 d - 5 scrolls of teleportation
 e - 2 scrolls of immolation {unknown}
 f - a scroll of amnesia {unknown}
 h - a scroll of fear {unknown}
 n - 10 scrolls of identify {unknown}
 o - a scroll of magic mapping {unknown}
 q - 4 scrolls of blinking {unknown}
 r - 2 scrolls of enchant weapon {unknown}
 y - a scroll of poison {unknown}
 H - a scroll of noise {unknown}
 J - a scroll of enchant armour {unknown}
 K - a scroll of acquirement {unknown}
Potions
 b - a potion of lignification
 i - a potion of attraction {unknown}
 j - 3 potions of haste
 m - a potion of berserk rage {unknown}
 p - 3 potions of curing {unknown}
 w - a potion of mutation {unknown}
 z - a potion of ambrosia {unknown}
 B - a potion of brilliance {unknown}
Miscellaneous
 c - a piece from Xom's chessboard (15/15) (quivered)


   Skills:
 * Level 5.1 Fighting
 - Level 11.5 Axes
 + Level 7.2 Armour
 - Level 1.1 Dodging


You had 7 spell levels left.
You didn't know any spells.
Your spell library contained the following spells:

 Spells                   Type           Power      Damage    Failure   Level
 Beastly Appendage        Tmut           0%         N/A       100%        1
 Magic Dart               Conj           0%         1d3       100%        1
 Sting                    Tmut/Pois      0%         1d3       100%        1
 Call Imp                 Summ           0%         N/A       100%        2
 Poisonous Vapours        Pois/Air       0%         N/A       100%        2
 Sublimation of Blood     Necr           0%         N/A       100%        2
 Dazzling Flash           Conj/Hex       0%         N/A       100%        3
 Gell's Gravitas          Tloc           0%         N/A       100%        3
 Lesser Beckoning         Tloc           0%         N/A       100%        3
 Mephitic Cloud           Conj/Pois/Air  0%         N/A       100%        3
 Teleport Other           Tloc           0%         N/A       100%        3
 Corpse Rot               Necr/Pois/Air  0%         N/A       100%        4
 Dispel Undead            Necr           0%         3d6       100%        4
 Iskenderun's Mystic Bla  Conj/Tloc      0%         2d3       100%        4
 Olgreb's Toxic Radiance  Pois           0%         N/A       100%        4
 Alistair's Intoxication  Tmut/Pois      0%         N/A       100%        5
 Borgnjor's Vile Clutch   Necr/Erth      0%         N/A       100%        5
 Yara's Violent Unravell  Hex/Tmut       0%         3d3       100%        5
 Death Channel            Necr           0%         N/A       100%        6
 Starburst                Conj/Fire      0%         6d3       100%        6
 Statue Form              Tmut/Erth      0%         N/A       100%        6
 Necromutation            Tmut/Necr      0%         N/A       100%        8


Dungeon Overview and Level Annotations

Branches:
Dungeon (7/15)             Temple (0/1) D:5

Altars:
Qazlal
Trog
Vehumet

Shops:
D:3 *   D:6 (


Innate Abilities, Weirdness & Mutations

You have a pair of large horns on your head.
You reflexively headbutt those who attack you in melee.
You are partially covered in iridescent scales. (AC +2)
You are partially covered in large bone plates. (SH +4)
Armour fits poorly on your strangely shaped body.
Your body often deteriorates upon taking damage.
You have an increased reservoir of magic. (+10% MP)
You passively map a small area around you.
Your natural rate of healing is unusually fast.
You have hidden genetic potential.
You occasionally lose the ability to read scrolls when taking damage.
You expend magic power (3 MP) to strengthen your wands.


Message History

The harpy claws you.
* * * LOW HITPOINT WARNING * * *
The harpy screeches!
The harpy claws you.
* * * LOW HITPOINT WARNING * * *
The harpy claws you but does no damage. The gnoll barely misses you.
The harpy screeches!
You hear Xom's avuncular chuckle.
The gnoll bouda seems to speed up.
The harpy claws you!
* * * LOW HITPOINT WARNING * * *
The harpy barely misses you.
The gnoll bouda gazes fiercely through you!
You feel your attacks grow feeble. The gnoll hits you but does no damage.
The harpy claws you.
* * * LOW HITPOINT WARNING * * *
The harpy claws you but does no damage.
The harpy screeches!
The harpy claws you.
* * * LOW HITPOINT WARNING * * *
The harpy claws you but does no damage.
The gnoll bouda gazes fiercely through you!
You feel as though you will be weak longer.
The gnoll hits you but does no damage.
The harpy screeches!
The harpy claws you!
* * * LOW HITPOINT WARNING * * *
The harpy claws you!
* * * LOW HITPOINT WARNING * * *
The gnoll bouda gazes fiercely through you!
You feel as though you will be weak longer.
The gnoll hits you but does no damage.
You turn to flesh and can move again.
It was a potion of haste.
You feel yourself speed up.
Xom roars with laughter!
Xom's power touches on a nearby monster.
The harpy evaporates and reforms as a guardian serpent!
You are now a beloved toy of Xom.
The gnoll is no longer moving quickly.
The guardian serpent hits you.
You die...
Xom laughs nastily!

#####.###.... *
#.........#^. #.. * *
#.###.#####.# ..* ###.#
#.### #.# ####.### #(..#
#...# #.# #......## ,
..#######.###.# #........
, ...........##.#
#.......#
##########....####g.....##
#......@Sgg...... ,
#.#######g.....## * #.#
#......# ### ########


You could see a guardian serpent, a gnoll bouda (fast) and 3 gnolls.

Vanquished Creatures
  Duvessa (D:5)
  A sky beast (D:6)
  2 ice beasts (D:6)
  A black bear (D:6)
  An ogre (D:4)
  3 bullfrogs (D:6)
  2 scorpions
  Dowan (D:5)
  A jelly (D:6)
  3 orc priests
  6 hounds
  2 gnoll boudas
  Terence (D:2)
  4 iguanas
  An orc wizard (D:5)
  11 gnolls
  6 adders
  3 worms
  16 orcs
  7 endoplasms
  2 giant cockroaches (D:1)
  9 hobgoblins
  6 jackals
  5 quokkas
  10 ball pythons
  8 bats
  4 frilled lizards
  7 goblins
  6 kobolds
  3 rats
133 creatures vanquished.

Vanquished Creatures (others)
  A goblin (D:3)
1 creature vanquished.

Grand Total: 134 creatures vanquished

Notes
Turn   | Place    | Note
-------+----------+-------------------------------------------
     0 | D:1      | tardwrangler69 the Minotaur Chaos Knight began the quest
                  | for the Orb.
     0 | D:1      | Reached XP level 1. HP: 19/19 MP: 0/0
   142 | D:1      | Reached skill level 4 in Axes
   277 | D:1      | Reached XP level 2. HP: 20/26 MP: 1/1
   422 | D:1      | Reached skill level 5 in Axes
   517 | D:1      | Reached XP level 3. HP: 31/31 MP: 2/2
   774 | D:2      | Noticed Terence
   782 | D:2      | Killed Terence
  1017 | D:2      | Reached skill level 6 in Axes
  1017 | D:2      | Reached XP level 4. HP: 39/39 MP: 3/3
  1420 | D:2      | Got the Secrets of Mutated Unhallowed Mysteries
  1663 | D:3      | Found Moijouso's Assorted Antiques.
  1681 | D:3      | Got the Octavo of Shapes and Gloom
  1805 | D:2      | XOM is BORED!
  1985 | D:3      | XOM: 8-stop teleportation journey
  2064 | D:3      | XOM: noise
  2072 | D:3      | Reached XP level 5. HP: 33/45 MP: 4/4
  2168 | D:3      | XOM: give mutations
  2168 | D:3      | Gained mutation: You are frail. (-10% HP) [Xom's mischief]
  2168 | D:3      | Gained mutation: You are very frail. (-20% HP) [Xom's
                  | mischief]
  2168 | D:3      | Lost mutation: You are very frail. (-20% HP) [Xom's
                  | mischief]
  2272 | D:3      | Reached skill level 7 in Axes
  2403 | D:3      | Found a radiant altar of Vehumet.
  2596 | D:3      | XOM: noise
  2983 | D:3      | XOM: noise
  3094 | D:4      | Found a stormy altar of Qazlal.
  3207 | D:4      | XOM: 1-stop teleportation journey
  3256 | D:4      | Noticed an ogre
  3262 | D:4      | Killed an ogre
  3266 | D:4      | XOM: give mutations
  3266 | D:4      | Gained mutation: Your body sometimes deteriorates upon
                  | taking damage. [Xom's mischief]
  3266 | D:4      | Gained mutation: You are partially covered in iridescent
                  | scales. (AC +2) [Xom's mischief]
  3384 | D:4      | XOM: torment (21/40 hp)
  3422 | D:4      | XOM: 7-stop teleportation journey
  3545 | D:4      | XOM: potion effect (might)
  3549 | D:4      | Reached XP level 6. HP: 45/45 MP: 5/5
  3573 | D:4      | Reached skill level 8 in Axes
  3582 | D:4      | XOM: smoke on damage
  3719 | D:4      | You fall into a shaft and drop 2 floors!
  3725 | D:5      | Entered Level 5 of the Dungeon
  3735 | D:5      | Noticed Dowan
  3737 | D:5      | XOM: divination: detect creatures
  3740 | D:5      | XOM: noise
  3746 | D:5      | Killed Dowan
  3780 | D:5      | Noticed Duvessa
  3782 | D:5      | XOM: summons friendly shadow imp
  3793 | D:5      | XOM: scenery: summon butterflies
  3796 | D:5      | XOM: divination: detect items
  3803 | D:5      | Killed Duvessa
  3804 | D:5      | Reached skill level 9 in Axes
  3804 | D:5      | Reached XP level 7. HP: 14/51 MP: 6/6
  4075 | D:5      | XOM: confuse monster(s)
  4197 | D:4      | XOM: divination: magic mapping
  4691 | D:4      | XOM: 2-stop teleportation journey
  4793 | D:4      | XOM: stat loss: -1 Dex (8/9)
  4888 | D:5      | Found a staircase to the Ecumenical Temple.
  4989 | D:5      | XOM: 5-stop teleportation journey
  5053 | D:5      | Reached skill level 5 in Armour
  5273 | D:5      | XOM: give mutation
  5273 | D:5      | Gained mutation: You occasionally lose the ability to read
                  | scrolls when taking damage. [Xom's mischief]
  5374 | D:5      | XOM: give mutation
  5374 | D:5      | Gained mutation: Armour fits poorly on your strangely
                  | shaped body. [Xom's mischief]
  5412 | D:5      | XOM: silly message
  5431 | D:5      | XOM: summons 1 hostile demon
  5565 | D:5      | XOM: swap monsters
  5668 | D:5      | Found a bloodstained altar of Trog.
  5729 | D:4      | XOM: summons 3 hostile shadow creatures
  5973 | D:5      | Reached skill level 10 in Axes
  6209 | D:5      | XOM: give mutations
  6209 | D:5      | Gained mutation: Your natural rate of healing is unusually
                  | fast. [Xom's grace]
  6209 | D:5      | Gained mutation: Your flesh is heat resistant. (rF+) [Xom's
                  | grace]
  6209 | D:5      | Gained mutation: You have hidden genetic potential. [Xom's
                  | grace]
  6209 | D:5      | Gained mutation: You expend magic power (3 MP) to
                  | strengthen your wands. [Xom's grace]
  6268 | D:6      | XOM: 1-stop teleportation journey
  6273 | D:6      | Identified the +2 robe "Kayqihol" {rPois}
  6308 | D:6      | XOM: 4-stop teleportation journey
  6349 | D:6      | XOM: cleaving
  6352 | D:6      | Reached XP level 8. HP: 38/57 MP: 7/7
  6362 | D:6      | XOM: give mutations
  6362 | D:6      | Gained mutation: You have a pair of large horns on your
                  | head. [Xom's grace]
  6362 | D:6      | Gained mutation: You passively map a small area around you.
                  | [Xom's grace]
  6362 | D:6      | Lost mutation: You are frail. (-10% HP) [Xom's grace]
  6362 | D:6      | Gained mutation: You have an increased reservoir of magic.
                  | (+10% MP) [Xom's grace]
  6492 | D:6      | Reached skill level 11 in Axes
  6496 | D:6      | Found Wero's Antique Weapon Emporium.
  6501 | D:6      | Bought a warped war axe for 212 gold pieces
  6501 | D:6      | Identified the +11 war axe of Peril {vorpal, Int+4 Dex+2}
                  | (You bought it in a shop on level 6 of the Dungeon)
  6512 | D:6      | XOM: divination: detect creatures
  6530 | D:6      | Identified the ring of Patience {rC+ Str-3 Int+2 Dex+4
                  | SInv}
  6532 | D:6      | Gained mutation: You are partially covered in large bone
                  | plates. (SH +4) [hidden potential]
  6648 | D:6      | XOM: summons 3 hostile shadow creatures
  6708 | D:6      | XOM: summons 4 hostile demons
  6709 | D:6      | Noticed an orange demon
  6789 | D:6      | XOM: give mutations
  6789 | D:6      | Lost mutation: Your flesh is heat resistant. (rF+) [Xom's
                  | mischief]
  6789 | D:6      | Gained mutation: Your body often deteriorates upon taking
                  | damage. [Xom's mischief]
  7074 | D:7      | Reached skill level 5 in Fighting
  7207 | D:7      | XOM: chaos cloud
  7212 | D:7      | XOM: chaos upgrade
  7213 | D:7      | Noticed a harpy
  7213 | D:7      | a wyvern changed into a harpy
  7213 | D:7      | XOM: polymorph wyvern -> harpy
  7216 | D:7      | XOM: enchant monster (bad)
  7218 | D:7      | HP: 1/68 [harpy (4)]
  7219 | D:7      | Noticed a guardian serpent
  7219 | D:7      | a harpy changed into a guardian serpent
  7219 | D:7      | XOM: polymorph harpy -> guardian serpent
  7219 | D:7      | Slain by a guardian serpent

Illustrated notes

Levels and vault maps discovered:
D:1:      dpeg_arrival_orchard, layout_basic, kennysheep_minor_cross
D:2:      layout_basic, uniq_terence
D:3:      layout_loops_ring, fiery_altar_vehumet, serial_shops,
          nicolae_square_shop, dreamdust_princess_corridor,
          minmay_curled_crystal
D:4:      layout_layer_cave, grunt_qazlal_sundering
D:5:      layout_layer_cave, overflow_temple_1_default,
          minmay_temple_entry_waves, uniq_duvessa
D:6:      layout_basic, serial_shops, shop, interstate_on_off
D:7:      layout_rooms, minmay_overflow_temple_star_quad, enter_bailey_4

Skill      XL: |  1  2  3  4  5  6  7  8 |
---------------+-------------------------+-----
Axes           | 4 5 6 7 9 10 11 | 11.5
Armour         | 3 4 5 7 |  7.2
Fighting       | 5 |  5.1
Dodging        | |  1.1

Action                   |  1- 3 |  4- 6 |  7- 9 || total
-------------------------+-------+-------+-------++-------
Melee: Hand axe          |    56 |   120 |   118 ||   294
       Headbutt          |     8 |    15 |    22 ||    45
       Punch             |     1 |       |       ||     1
       War axe           |       |       |    39 ||    39
  Use: Potion            |       |     1 |     1 ||     2
       Scroll            |       |     1 |       ||     1
Armor: Leather armour    |    13 |       |       ||    13
       Chain mail        |    12 |    45 |       ||    57
       Plate armour      |       |    12 |    93 ||   105
Dodge: Dodged            |    35 |    31 |    41 ||   107
Block: Orb               |       |       |     6 ||     6
